 Dungeon Crawl Stone Soup version 0.31-a0-229-g1fc7ce93e2 (webtiles) character file.

Game seed: 6410224347681489030

29 qw the Shooter (level 3, -1/29 HPs)
             Began as a Minotaur Hexslinger on July 6, 2023.
             Slain by Sigmund
             ... wielding a +2 scythe of protection
              (7 damage)
             ... on level 2 of the Dungeon.
             The game lasted 00:00:23 (1154 turns).

qw the Shooter (Minotaur Hexslinger)                Turns: 1154, Time: 00:00:24

Health: -1/29      AC:  3    Str: 12    XL:     3   Next: 1%
Magic:  3/3        EV: 12    Int: 10    God:
Gold:   22         SH:  0    Dex: 14    Spells: 3/4 levels left

rFire   . . .        Y - +1 sling
rCold   . . .        (no shield)
rNeg    . . .        h - +0 leather armour
rPois   .            (helmet restricted)
rElec   .            (no cloak)
rCorr   .            (no gloves)
SInv    .            (no boots)
Will    .....        (no amulet)
Stlth   +            (no ring)
HPRegen 0.24/turn    (no ring)
MPRegen 0.08/turn

%: no passive effects
@: no status effects
A: horns 2, retaliatory headbutt
a: no special abilities


You were on level 2 of the Dungeon.
You visited 1 branch of the dungeon, and saw 2 of its levels.

You collected 22 gold pieces.


Innate Abilities, Weirdness & Mutations

You have a pair of horns on your head.
You reflexively headbutt those who attack you in melee.


   Skills:
 - Level 2.0 Fighting
 + Level 3.6 Ranged Weapons
 - Level 2.1 Dodging
 - Level 1.0 Spellcasting
 - Level 2.0 Hexes


You had 3 spell levels left.
You knew the following spells:

 Your Spells              Type           Power      Damage    Failure   Level
a - Slow                  Hex            16%        N/A       19%         1

Your spell library contained the following spells:

 Spells                   Type           Power      Damage    Failure   Level
 Inner Flame              Hex/Fire       2%         N/A       65%         3
 Portal Projectile        Hex/Tloc       4%         N/A       65%         3
 Cause Fear               Hex            2%         N/A       88%         4

Inventory:

Hand Weapons
 Y - a +1 sling (weapon)
Armour
 h - a +0 leather armour (worn)
Potions
 d - a potion of curing {unknown}
 f - a potion of resistance {unknown}

Dungeon Overview and Level Annotations

Branches:
Dungeon (2/15)

Altars:

Annotations:
D:2 Sigmund


Message History

1082 ||| STILL FLEEEEING.
1083 ||| STILL FLEEEEING.
1084 ||| STILL FLEEEEING.
1085 ||| STILL FLEEEEING.
1086 ||| STILL FLEEEEING.
1087 ||| STILL FLEEEEING.
1088 ||| STILL FLEEEEING.
1089 ||| STILL FLEEEEING.
You start resting.
Sigmund is nearby!
You shoot a sling bullet. The sling bullet barely misses Sigmund.
Sigmund shouts!
You shoot a sling bullet. The sling bullet barely misses Sigmund.
Sigmund casts a spell at you.
You are confused.
Sigmund hits you from afar with a +2 scythe of protection!
You feel less confused. Sigmund barely misses you.
You shoot a sling bullet. The sling bullet barely misses Sigmund.
Sigmund hits you from afar with a +2 scythe of protection!
Sigmund closely misses you.
You open the door. Sigmund closely misses you.
There is an open door here.
You shoot a sling bullet.
The sling bullet closely misses Sigmund.
You shoot a sling bullet. The sling bullet barely misses Sigmund.
Sigmund closely misses you.
You shoot a sling bullet.
The sling bullet closely misses Sigmund.
Sigmund hits you but does no damage.
You shoot a sling bullet.
The sling bullet closely misses Sigmund.
Sigmund hits you from afar with a +2 scythe of protection.
You shoot a sling bullet.
The sling bullet closely misses Sigmund.
Sigmund closely misses you.
You shoot a sling bullet. The sling bullet barely misses Sigmund.
Sigmund hits you from afar with a +2 scythe of protection!
You die...

#......# # #......+ .
##......##########
#....####........#
##########.......#####.#
...........#.#########.#
#......................
.#...##.#.#########.#
+..@'@......>..#...#
#...##....##.#####.#
#...##...###.#####.#
######...# #.......#
#...# #.####### #...#
#?# # # #.#.######## #.
###........... #..
#...#.#######.


You could see Sigmund.

Vanquished Creatures
  5 ball pythons (D:1)
  3 bats
  2 endoplasms
  A giant cockroach (D:1)
  2 goblins (D:1)
  3 hobgoblins (D:1)
  3 jackals (D:1)
  3 kobolds
  2 rats (D:1)
24 creatures vanquished.

Notes
Turn   | Place    | Note
-------+----------+-------------------------------------------
     0 | D:1      | qw the Minotaur Hexslinger began the quest for the Orb.
     0 | D:1      | Reached XP level 1. HP: 16/16 MP: 1/1
     0 | D:1      | 0 ||| qw: Version: 0.3-a-46-gb1f654a
     0 | D:1      | 0 ||| qw: Game counter: 1575
     0 | D:1      | 0 ||| qw: Melee chars always use a shield: true
     0 | D:1      | 0 ||| qw: God list: Okawaru
     0 | D:1      | 0 ||| qw: Allow faded altars: false
     0 | D:1      | 0 ||| qw: Do Orc after clearing Dungeon:15 true
     0 | D:1      | 0 ||| qw: Do second Lair branch before Depths: true
     0 | D:1      | 0 ||| qw: Lair rune preference: random
     0 | D:1      | 0 ||| qw: Goals: Normal
     0 | D:1      | 0 ||| PLANNING D:1-11
   346 | D:1      | Reached skill level 3 in Ranged Weapons
   378 | D:1      | Reached XP level 2. HP: 23/23 MP: 2/2
   958 | D:1      | 958 ||| UPGRADING to +0 leather armour.
   968 | D:1      | 968 ||| DROPPING +0 robe.
   969 | D:1      | 969 ||| READING scroll labelled VUISET OGESUDA.
   970 | D:1      | 970 ||| READING scroll labelled WOOVVU XEMUL.
   971 | D:1      | 971 ||| DROPPING scroll of poison.
  1027 | D:2      | Reached XP level 3. HP: 29/29 MP: 3/3
  1053 | D:2      | Noticed Sigmund
  1080 | D:2      | 1080 ||| FLEEEEING.
  1152 | D:2      | HP: 5/29 [Sigmund/+2 scythe of protection (5)]
  1154 | D:2      | Slain by Sigmund

Levels and vault maps discovered:
D:1:      roderic_crossed_star, layout_loops_corners, minivault_24
D:2:      layout_basic, chequers_serial_rivers_small_b, serial_park_tiny_2,
          uniq_sigmund

Skill      XL: |  1  2 |
---------------+-------+-----
Ranged Weapons | 3 |  3.6
Fighting       | 2 |  2.0
Dodging        | |  2.1
Spellcasting   | |  1.0
Hexes          | |  2.0

Action                     || total
---------------------------++-------
   Fire: Sling             ||    75
    Use: Scroll            ||     2
 Armour: Robe              ||     6
         Leather armour    ||     1
  Dodge: Dodged            ||    32

Table legend:
 A = Non-vault XP
 B = Vault XP
 C = Vault XP percentage of total XP
 D = Non-vault monster count
 E = Vault monster count
 F = Vault count percentage of total count
                 A         B        C        D         E       F
            +---------+---------+-------+---------+---------+-------
      Total |      42 |       0 |   0.0 |      24 |       0 |   0.0
            +---------+---------+-------+---------+---------+-------
        D:1 |      38 |       0 |   0.0 |      21 |       0 |   0.0
        D:2 |       4 |       0 |   0.0 |       3 |       0 |   0.0
            +---------+---------+-------+---------+---------+-------
